 Dungeon Crawl Stone Soup version 0.28-a0-8-g6e044cfa68 (webtiles) character file.

Game seed: 15645997336159032791

1392297 finalsalamander the Executioner (level 27, 273/273 HPs)
             Began as a Naga Wanderer on July 7, 2021.
             Was an Initiate of Gozag.
             Escaped with the Orb
             ... and 3 runes on July 24, 2021!
             The game lasted 04:17:51 (106912 turns).

finalsalamander the Executioner (Naga Wanderer)   Turns: 106912, Time: 04:17:52

Health: 273/273    AC: 47    Str: 25    XL:     27
Magic:  11/11      EV:  2    Int: 21    God:    Gozag
Gold:   7600       SH: 26    Dex: 10    Spells: 32/40 levels left

rFire   + + +      SeeInvis +   b - +7 war axe of Calamity {antimagic, rF+}
rCold   + + +      Faith    .   n - +0 tower shield
rNeg    + + +      Spirit   .   m - +1 gold dragon scales
rPois   +          Reflect  +   I - -2 hat of the Alchemist {rElec rPois rF+ rC+ rN+ Will+ rMut rCorr}
rElec   +          Harm     .   j - +1 cloak {Will+}
rCorr   +          Rampage  .   x - +2 pair of gloves
rMut    +                       r - +10 Black Knight's barding {ponderous, rPois rN+}
Will    +++++                   E - amulet "Anuj" {Reflect rN+ Int+2 SH+5}
Stlth   ..........              D - +4 ring of slaying
HPRegen 0.55/turn               w - ring "Tosau" {rF+ rC+ Str+3}
MPRegen 0.12/turn

@: gold aura, studying Throwing, very slow
A: AC +9, large, see invisible, deformed body, poison resistance, slowness 2,
spit poison 1, naga tail 2
0: Orb of Zot
}: 3/15 runes: serpentine, barnacled, silver
a: Spit Poison, Renounce Religion, Potion Petition, Call Merchant, Bribe Branch


You escaped.
You worshipped Gozag.
Gozag was greatly pleased with you.
You visited 10 branches of the dungeon, and saw 50 of its levels.
You visited 1 bazaar.
You also visited: Ice Cave.

You collected 29027 gold pieces.
You spent 10380 gold pieces at shops.
You paid 11047 gold pieces to Gozag.

Inventory:

Hand Weapons
 a - a +2 hand crossbow of freezing
   (You found it on level 3 of the Snake Pit)
 b - the +7 war axe of Calamity (weapon) {antimagic, rF+}
   (You bought it in a shop on level 3 of the Elven Halls)

   It reduces the magical energy of the wielder, and disrupts the spells and
   magical abilities of those it strikes.
   Natural abilities and divine invocations are not affected.
   rF:        It protects you from fire.
 L - a +6 vorpal broad axe
   (You took it off a tengu warrior on level 2 of the Depths)
Missiles
 M - 1565 bolts
 O - 7 throwing nets (quivered) {!f}
Armour
 j - a +1 cloak of willpower (worn)
   (You took it off a draconian scorcher on level 1 of the Realm of Zot)
 m - +1 gold dragon scales (worn)
   (You bought it in a shop on level 3 of the Elven Halls)
 n - a +0 tower shield (worn)
   (You took it off a naga warrior on level 1 of the Snake Pit)
 r - the +10 Black Knight's barding (worn) {ponderous, rPois rN+}
   (You bought it in a shop on level 7 of the Dungeon)

   rPois:     It protects you from poison.
   rN:        It protects you from negative energy.
 x - a +2 pair of gloves (worn)
   (You found it on level 2 of the Realm of Zot)
 I - the -2 hat of the Alchemist (worn) {rElec rPois rF+ rC+ rN+ Will+ rMut rCorr}
   (You found it on level 5 of the Vaults)

   rF:        It protects you from fire.
   rC:        It protects you from cold.
   rElec:     It insulates you from electricity.
   rPois:     It protects you from poison.
   rN:        It protects you from negative energy.
   rCorr:     It protects you from acid and corrosion.
   rMut:      It protects you from mutation.
   Will:      It increases your willpower.
 K - a +2 cloak
   (You found it on level 5 of the Realm of Zot)
 S - a +2 hat
   (You found it on level 5 of the Realm of Zot)
Jewellery
 e - an amulet of magic regeneration
   (You took it off a green draconian on level 5 of the Realm of Zot)
 w - the ring "Tosau" (right hand) {rF+ rC+ Str+3}
   (You bought it in a shop on level 2 of the Orcish Mines)

   [ring of protection from cold]

   Str:       It affects your strength (+3).
   rF:        It protects you from fire.
   rC:        It protects you from cold.
 C - the ring "Lifulaq" {Fly rC+ Int+2}
   (You bought it in a shop on level 9 of the Dungeon)

   [ring of protection from cold]

   Int:       It affects your intelligence (+2).
   rC:        It protects you from cold.
   Fly:       It grants you flight.
 D - a +4 ring of slaying (left hand)
   (You bought it in a shop on level 2 of the Orcish Mines)
 E - the amulet "Anuj" (around neck) {Reflect rN+ Int+2 SH+5}
   (You bought it in a shop on level 9 of the Dungeon)

   [amulet of reflection]

   It reflects blocked missile attacks.
   Int:       It affects your intelligence (+2).
   rN:        It protects you from negative energy.
   SH:        It affects your SH (+5).
Wands
 d - a wand of iceblast (47)
   (You found it on level 3 of the Dungeon)
 g - a wand of polymorph (29)
   (You found it on level 3 of the Lair of Beasts)
 t - a wand of flame (61)
   (You found it on level 2 of the Realm of Zot)
 u - a wand of paralysis (44)
   (You found it on level 4 of the Dungeon)
 v - a wand of digging (15)
   (You took it off Psyche on level 8 of the Dungeon)
 N - a wand of mindburst (4)
   (You found it on level 11 of the Dungeon)
 Q - a wand of charming (36)
   (You found it on level 3 of the Snake Pit)
Scrolls
 c - 6 scrolls of enchant armour
 f - 5 scrolls of vulnerability {!r}
 h - 5 scrolls of silence
 k - 9 scrolls of teleportation {@r4}
 l - 3 scrolls of fog
 p - 4 scrolls of holy word
 P - 7 scrolls of fear
 R - 36 scrolls of identify {@r1}
 W - 6 scrolls of immolation {!r}
Potions
 i - 14 potions of heal wounds {@q2}
 o - 12 potions of curing {@q1}
 q - 9 potions of resistance
 s - a potion of cancellation
 z - a potion of berserk rage
 A - 5 potions of magic
 B - a potion of ambrosia
 G - 5 potions of haste {@q3}
 H - 5 potions of attraction {!q}
 Y - 3 potions of invisibility
 Z - 6 potions of might
Miscellaneous
 y - a tin of tremorstones (2/2)
   (You found it on level 5 of the Vaults)
 F - a condenser vane
   (You found it on level 5 of the Vaults)
 J - a phial of floods
   (You found it on level 11 of the Dungeon)
 U - a box of beasts (inert)
   (You found it on level 6 of the Lair of Beasts)
 V - a phantom mirror
   (You found it on level 3 of the Elven Halls)
 X - a lightning rod (3/4) {!a}
   (You found it on level 3 of the Elven Halls)


   Skills:
 + Level 21.2 Fighting
 * Level 26.1 Axes
 - Level 2.0 Staves
 + Level 17.1 Armour
 - Level 10.0 Stealth
 + Level 17.0 Shields
 - Level 7.0 Spellcasting
 - Level 13.0 Poison Magic
 - Level 11.0 Evocations


You had 32 spell levels left.
You knew the following spells:

 Your Spells              Type           Power      Damage    Failure   Level
a - Sting                 Tmut/Pois      100%       1d8       12%         1
b - Poisonous Vapours     Pois/Air       68%        N/A       19%         2
c - Olgreb's Toxic Radia  Pois           58%        N/A       9%          4
d - Apportation           Tloc           14%        N/A       87%         1

Your spell library contained the following spells:

 Spells                   Type           Power      Damage    Failure   Level
 Spider Form              Tmut/Pois      17%        N/A       36%         3
 Ignite Poison            Fire/Tmut/Pois 25%        N/A       67%         3
 Mephitic Cloud           Conj/Pois/Air  25%        N/A       67%         3
 Corona                   Hex            7%         N/A       87%         1
 Foxfire                  Conj/Fire      28%        2x1d5     87%         1
 Magic Dart               Conj           28%        1d4       87%         1
 Corpse Rot               Necr/Air       N/A        N/A       95%         2
 Searing Ray              Conj           14%        3d3       95%         2
 Slow                     Hex            7%         N/A       95%         2
 Sublimation of Blood     Necr           3%         N/A       95%         2
 Alistair's Intoxication  Tmut/Pois      22%        N/A       98%         5
 Call Canine Familiar     Summ           7%         N/A       99%         3
 Confusing Touch          Hex            7%         N/A       99%         3
 Conjure Flame            Conj/Fire      7%         6-21      99%         3
 Gell's Gravitas          Tloc           3%         N/A       99%         3
 Inner Flame              Hex/Fire       7%         N/A       99%         3
 Portal Projectile        Hex/Tloc       14%        N/A       99%         3
 Summon Guardian Golem    Hex/Summ       7%         N/A       99%         3
 Teleport Other           Tloc           7%         N/A       99%         3
 Tukima's Dance           Hex            7%         N/A       99%         3
 Airstrike                Air            3%         N/A       100%        4
 Animate Armour           Summ/Erth      14%        N/A       100%        4
 Fulminant Prism          Conj/Hex       3%         3d6       100%        4
 Hailstorm                Conj/Ice       7%         3d4       100%        4
 Leda's Liquefaction      Hex/Erth       3%         N/A       100%        4
 Passage of Golubria      Tloc           N/A        N/A       100%        4
 Petrify                  Tmut/Erth      7%         N/A       100%        4
 Summon Lightning Spire   Summ/Air       7%         N/A       100%        4
 Blade Hands              Tmut           3%         N/A       100%        5
 Bolt of Magma            Conj/Fire/Erth 3%         4d5       100%        5
 Borgnjor's Vile Clutch   Necr/Erth      3%         N/A       100%        5
 Fireball                 Conj/Fire      3%         3d4       100%        5
 Freezing Cloud           Conj/Ice/Air   3%         6-21      100%        5
 Irradiate                Conj/Tmut      3%         3d14      100%        5
 Lightning Bolt           Conj/Air       3%         1d15      100%        5
 Manifold Assault         Tloc           7%         N/A       100%        5
 Yara's Violent Unravell  Hex/Tmut       3%         3d4       100%        5
 Dispersal                Tloc           3%         N/A       100%        6
 Eringya's Noxious Bog    Tmut/Pois      17%        N/A       100%        6
 Invisibility             Hex            3%         N/A       100%        6
 Iron Shot                Conj/Erth      3%         9d2       100%        6
 Simulacrum               Ice/Necr       3%         N/A       100%        6
 Starburst                Conj/Fire      3%         8x6d3     100%        6
 Storm Form               Tmut/Air       3%         N/A       100%        7
 Ignition                 Fire           3%         3d4       100%        8
 Maxwell's Capacitive Co  Air            3%         ∞         100%        8
 Polar Vortex             Ice            3%         N/A       100%        9


Dungeon Overview and Level Annotations

Branches:
Dungeon (15/15)            Temple (1/1) D:4            Lair (6/6) D:9
 Shoals (4/4) Lair:3        Snake (4/4) Lair:4        Slime (0/5) Lair:6
    Orc (2/2) D:9             Elf (3/3) Orc:2        Vaults (5/5) D:14
  Crypt (0/3) Vaults:2     Depths (5/5) D:15            Zot (5/5) Depths:5
  IceCv (visited)

Altars:
Cheibriados
Dithmenos
Gozag
Kikubaaqudgha
Nemelex Xobeh
Okawaru
Qazlal
Sif Muna
Trog
Xom
Yredelemnul
Beogh
Jiyva

Shops:
D:9 =   D:12 =   D:14 *   Orc:1 !   Orc:2 *=[=!   Elf:2 !   Elf:3 ([[
Vaults:1 :   Depths:1 [   Depths:5 =*::[

Portals:
Hell: Depths:1 Depths:2 Depths:3 Depths:4 Depths:5
Abyss: Depths:4
Pandemonium: Depths:1 Depths:3
Ziggurat: Depths:4
Trove: Vaults:2 (give 14 scrolls of teleportation)

Annotations:
D:7 exclusion: downstairs
D:9 Erolcha
D:13 3 runed translucent doors, robertstho's ghost, journeyman DjFE
Lair:1 exclusion: 2 oklob plants
Elf:2 3 runed translucent doors
Vaults:1 3 runed translucent doors, Jiaf's ghost, veteran HOFi
Vaults:4 3 runed translucent doors, Angmar's ghost, veteran DrAE


Innate Abilities, Weirdness & Mutations

Your serpentine skin is tough. (AC +9)
You have supernaturally acute eyesight. (SInv)
Armour fits poorly on your strangely shaped body.
Your system is resistant to poisons. (rPois)
You cover ground very slowly.
You can spit poison.
You can use your snake-like lower body to constrict enemies.


Message History

Where to? (Enter - D:2 @ (x,y), ? - help)
What level of the Dungeon? (default 1, ? - help)
An Orb Guardian comes into view.
You hear a grinding noise.
You slash the Orb Guardian!
The Orb Guardian hits you but does no damage.
You slash the Orb Guardian! The Orb Guardian hits you!
You barely miss the Orb Guardian. You block the Orb Guardian's attack.
You slash the Orb Guardian!
The Orb Guardian hits you but does no damage.
An orange demon comes into view.
You miss the Orb Guardian. You block the Orb Guardian's attack.
You slash the Orb Guardian! You block the Orb Guardian's attack.
You slice the Orb Guardian!!
A sixfirhy comes into view.
The orange demon is distracted by your dazzling golden aura.
You block the Orb Guardian's attack.
The sixfirhy hits you but does no damage.
You completely miss the Orb Guardian.
The orange demon screeches!
You hit the sixfirhy.
You hear a screech!
The sixfirhy hits you but does no damage.
You block the sixfirhy's attack. You block the Orb Guardian's attack.
The sixfirhy hits you but does no damage.
You slash the Orb Guardian! You hit the sixfirhy.
You block the Orb Guardian's attack.
You slash the Orb Guardian!
You kill the Orb Guardian!
You slash the sixfirhy!
Some rock shatters into small pieces.
Your lightning rod (3/4) {!a} has regained one charge.
An orange demon and a cacodemon come into view.
As you read the scroll of teleportation {@r4}, it crumbles to dust.
You feel strangely unstable.
You feel the Orb delaying your translocation!
The orange demon screeches!
The orange demon is no longer distracted by gold.
Unknown command.
The sixfirhy is distracted by your dazzling golden aura.
You block the orange demon's attack. The cacodemon gestures next to you.
Some rock shatters into small pieces.
The sixfirhy is distracted by your dazzling golden aura.
The cacodemon is distracted by your dazzling golden aura.
Unknown command.
Your surroundings suddenly seem different.
An orange demon is nearby!
The orange demon is distracted by your dazzling golden aura.
There is a staircase leading out of the dungeon here.
You have escaped!

..#...#.......#.#...###........#.
..#...#..#.####.##### #######'###
..#......#......# #.###
.)#.#.#.####...#### #....
.##.#.###..#...#..# #....
........#.##...##.# #....
..#.#.#.#.........# ##### ##...
..#.#.#.####.#.#### #...# #...
..#.#.#.##.#.#.#@#####...########
#.#.#.#.##...'...##..'...'.......
#.#.#.#.###########.##...########
#.#.#.......# #.#.#....'....÷..
..#.#.#.###.#####.#.#....######..
..#.#.#.#.........#.#....# ##..
..#.#...#.#.....###.#....#####...
..#.#.###.#..#......#........+...
###.......#..#..............##...


There were no monsters in sight!

Vanquished Creatures
  An ancient lich (Vaults:5)
  An orb of fire (Zot:5)
  Mennas (Depths:3)
  Mara (Vaults:2)
  A juggernaut (Depths:4)
  Frederick (Depths:3)
  Boris (Depths:5)
  A Killer Klown (Zot:5)
  A curse toe (Zot:1)
  Vashnia (Snake:2)
  Nikola (Depths:1)
  2 bone dragons
  9 golden dragons
  A Brimstone Fiend (D:9)
  An Ice Fiend (Zot:1)
  17 tentacled monstrosities
  4 liches
  2 deep elf blademasters (Elf:3)
  11 Orb Guardians
  6 titans (Vaults:5)
  6 quicksilver dragons
  6 death cobs
  2 deep elf master archers (Elf:3)
  3 tengu reavers (Vaults:5)
  A sphinx (Vaults:4)
  10 storm dragons
  8 shadow dragons
  Donald (Shoals:2)
  3 draconian monks
  5 nagarajas
  7 deep elf sorcerers
  7 fire giants
  3 draconian knights
  16 vault wardens
  5 deep elf elementalists (Elf:3)
  2 iron dragons
  9 frost giants
  2 balrugs
  2 ghost moths
  2 draconian shifters
  9 draconian annihilators
  8 draconian scorchers
  15 ironbound preservers
  Aizul (Snake:2)
  5 draconian stormcallers
  16 very ugly things
  16 stone giants
  A war gargoyle (Vaults:4)
  Nessos (D:13)
  16 black draconians
  A vampire knight (Depths:4)
  18 purple draconians
  10 deep elf demonologists
  A lorocyproca (Depths:1)
  2 entropy weavers
  16 green draconians
  2 dire elephants
  11 white draconians
  17 deep elf annihilators
  A spark wasp (Depths:2)
  9 yellow draconians
  Azrael (D:13)
  11 red draconians
  2 blizzard demons
  A dire elephant (shapeshifter) (Vaults:5)
  6 merfolk javelineers
  6 merfolk impalers
  5 deep elf death magi
  A crystal guardian (Vaults:4)
  21 ettins
  4 fire dragons
  8 great orbs of eyes
  9 ironbound thunderhulks
  14 yaktaur captains
  5 deep elf high priests
  4 salamander tyrants (Snake:4)
  11 ice dragons
  2 rakshasas
  4 ogre magi
  2 peacekeepers
  7 boulder beetles
  33 vault guards
  9 hydras
  23 anacondas
  A spriggan air mage (Depths:3)
  6 ironbound frosthearts
  A catoblepas (Lair:6)
  10 centaur warriors
  4 merfolk avatars
  9 naga warriors
  2 satyrs (Shoals:3)
  5 alligator snapping turtles
  13 two-headed ogres
  15 death yaks
  10 tengu warriors
  An alligator (shapeshifter) (Vaults:5)
  5 deep troll shamans
  4 merfolk aquamancers
  10 deep troll earth magi
  An orc high priest (Orc:2)
  3 spriggan berserkers
  2 vampire magi
  A shock serpent (shapeshifter) (Vaults:5)
  8 shock serpents
  Sonja (D:11)
  Nergalle (D:12)
  A hell knight (Vaults:4)
  7 ironbound beastmasters
  16 naga sharpshooters
  11 deep elf knights
  2 sun demons
  8 salamander mystics
  8 iron trolls
  A golden dragon zombie (Depths:1)
  17 sea snakes
  76 deep trolls
  3 flayed ghosts
  A death drake (shapeshifter) (Depths:3)
  A swamp dragon (Zot:1)
  A torturous demonspawn (Depths:1)
  10 naga ritualists
  14 deep elf archers
  2 glowing orange brains
  An infernal demonspawn (Depths:1)
  A gelid demonspawn (D:4)
  A tengu zombie (Depths:1)
  13 wizards
  14 lindwurms
  15 ironbound convokers
  5 orc knights
  An orange crystal statue (Elf:3)
  3 necromancers
  A wolf spider (shapeshifter) (Depths:4)
  20 deep elf pyromancers
  23 deep elf zephyrmancers
  12 harpies
  2 frost giant zombies (Depths:1)
  An orc sorcerer (Vaults:4)
  A wolf spider (D:10)
  A cyclops (shapeshifter) (Vaults:5)
  14 mana vipers
  5 cyclopes
  3 phantasmal warriors (Vaults:5)
  4 fauns
  12 moths of wrath
  71 ugly things
  11 manticores
  11 elephants
  17 salamanders
  8 merfolk sirens
  A moth of wrath (shapeshifter) (Vaults:5)
  A black mamba (shapeshifter) (Vaults:5)
  4 water nymphs
  A fire giant skeleton (Depths:1)
  35 black mambas
  Joseph (D:8)
  8 guardian serpents
  17 vault sentinels
  A torpor snail (shapeshifter) (D:14)
  A toenail golem (D:4)
  16 naga magi
  2 smoke demons (Depths:1)
  4 torpor snails
  14 cane toads
  Psyche (D:8)
  3 gargoyles
  Maggie (Lair:1)
  A rime drake (shapeshifter) (D:15)
  A kobold demonologist (D:10)
  2 hellions
  2 orange demons (Depths:1)
  A yaktaur (shapeshifter) (D:11)
  3 efreet
  An ice devil (IceCv)
  7 unseen horrors
  7 rime drakes (Lair:6)
  14 komodo dragons
  2 tengu conjurers (Depths:3)
  3 freezing wraiths
  A hellwing (Depths:3)
  28 yaktaurs
  2 polar bears
  A meliai (shapeshifter) (D:14)
  12 trolls
  13 merfolk
  2 red devils (Depths:3)
  4 meliai
  5 hornets
  3 wind drakes
  Prince Ribbit (D:8)
  A dream sheep (shapeshifter) (D:14)
  29 slime creatures
  16 dream sheep
  6 snapping turtles
  9 large abominations
  A redback (Vaults:5)
  4 spriggans
  42 yaks
  A ynoxinul (Depths:3)
  9 water elementals
  A shadow (D:9)
  An air elemental (Elf:2)
  3 wraiths
  7 wyverns
  4 fire elementals
  Grum (Lair:1)
  2 steam dragons
  2 basilisks
  19 vampire mosquitoes
  A human (shapeshifter) (D:12)
  A death yak simulacrum (IceCv)
  An acid dragon (D:11)
  Edmund (D:6)
  6 wargs
  35 nagas
  14 water moccasins
  4 hell hounds (D:13)
  A floating eye (Depths:2)
  A floating eye (shapeshifter) (Depths:1)
  A sky beast (D:6)
  A swamp drake (shapeshifter) (Vaults:5)
  A black bear (Lair:2)
  37 orc warriors
  A necrophage (D:8)
  31 ogres
  15 wolves
  29 centaurs
  A kobold brigand (D:11)
  A wyvern zombie (D:8)
  5 bullfrogs
  A gnoll sergeant (D:10)
  A scorpion (D:5)
  5 earth elementals
  A two-headed ogre simulacrum (IceCv)
  A wyvern skeleton (D:6)
  A water moccasin zombie (D:5)
  5 killer bees (D:11)
  3 small abominations (Depths:4)
  4 howler monkeys
  3 wights (D:8)
  7 centaur zombies
  4 crimson imps (Depths:1)
  3 jellies
  3 gnoll shamans
  18 orc priests
  A hound (D:7)
  2 bullfrog skeletons (D:5)
  An iguana (shapeshifter) (Vaults:5)
  2 iguanas (D:5)
  24 orc wizards
  A troll simulacrum (IceCv)
  A polar bear simulacrum (IceCv)
  A wolf simulacrum (IceCv)
  A howler monkey zombie (D:10)
  19 gnolls
  8 adders
  A white imp (D:7)
  2 ufetubi (IceCv)
  An adder skeleton (D:4)
  4 worms
  2 dart slugs (D:1)
  89 orcs
  3 ball pythons
  7 bats
  5 endoplasms
  A giant cockroach (D:2)
  9 goblins
  4 hobgoblins
  A jackal (shapeshifter) (Vaults:5)
  5 jackals
  4 quokkas
  6 frilled lizards
  8 kobolds
  2 rats
1940 creatures vanquished.

Vanquished Creatures (collateral kills)
  A royal mummy (Depths:5)
  A Killer Klown (Zot:5)
  A curse toe (Zot:5)
  2 electric golems (Zot:5)
  Rupert (D:12)
  An Orb Guardian (Zot:5)
  A death cob (Zot:5)
  2 quicksilver dragons
  A draconian stormcaller (Zot:5)
  3 red draconians
  A fire dragon (Depths:5)
  A merfolk impaler (Shoals:4)
  An alligator snapping turtle (Shoals:4)
  A tengu warrior (Depths:1)
  A naga sharpshooter (Snake:2)
19 creatures vanquished.

Vanquished Creatures (others)
  An orb of fire (Zot:5)
  2 ancient liches (Zot:5)
  A Killer Klown (Zot:5)
  10 Orb Guardians (Zot:5)
  A ghost moth (Zot:5)
  A storm dragon (Zot:5)
  A draconian scorcher (Zot:5)
  A draconian knight (Depths:5)
  A draconian stormcaller (Zot:5)
  A draconian shifter (Zot:5)
  A reaper (Zot:5)
  A draconian annihilator (Zot:5)
  A red draconian (Zot:5)
  A green draconian (Zot:5)
  2 white draconians (Zot:5)
  A yellow draconian (Zot:5)
  A black draconian (Zot:5)
  A green death (Zot:5)
  A hell beast (Depths:2)
  A merfolk aquamancer (Shoals:4)
  16 dancing weapons
  A deep elf knight (Elf:2)
  A manticore (Shoals:1)
  A black mamba (Snake:1)
  A moth of wrath (Zot:4)
  A yaktaur (D:13)
  An ice devil (Zot:5)
  A slime creature (D:13)
  A fire elemental (Zot:2)
  A warg (Vaults:4)
  32 fungi
  113 plants
  A withered plant (Depths:3)
202 creatures vanquished.

Grand Total: 2161 creatures vanquished

Notes
Turn   | Place    | Note
-------+----------+-------------------------------------------
     0 | D:1      | finalsalamander the Naga Wanderer began the quest for the
                  | Orb.
     0 | D:1      | finalsalamander set off with the following items: a +2
                  | quarterstaff, a +0 robe, a +0 dagger; and the following
                  | spell memorised: Sting; and the following spells available
                  | to memorise: Corpse Rot, Poisonous Vapours, Spider Form
     0 | D:1      | Reached XP level 1. HP: 21/21 MP: 1/1
   395 | D:1      | Reached skill level 1 in Spellcasting
   395 | D:1      | Reached skill level 1 in Poison Magic
   395 | D:1      | Reached XP level 2. HP: 24/28 MP: 3/3
   434 | D:1      | Learned a level 2 spell: Poisonous Vapours
   812 | D:1      | Reached XP level 3. HP: 32/34 MP: 5/5
  1580 | D:2      | Found a faded altar of an unknown god.
  1651 | D:2      | Reached XP level 4. HP: 42/42 MP: 3/7
  3417 | D:3      | Reached XP level 5. HP: 49/49 MP: 2/8
  4119 | D:4      | Found a staircase to the Ecumenical Temple.
  4126 | Temple   | Entered the Ecumenical Temple
  4133 | Temple   | Became a worshipper of Gozag Ym Sagoz the Greedy
  4221 | D:4      | Reached skill level 1 in Armour
  4285 | D:4      | Reached skill level 5 in Poison Magic
  4425 | D:5      | Entered Level 5 of the Dungeon
  4425 | D:5      | Noticed an ogre
  4691 | D:5      | Reached XP level 6. HP: 56/56 MP: 2/9
  5352 | D:5      | Reached XP level 7. HP: 59/63 MP: 10/10
  6039 | D:5      | Noticed a vampire mosquito
  6145 | D:6      | Reached XP level 8. HP: 49/73 MP: 2/12
  6255 | D:6      | Noticed Edmund
  6273 | D:6      | Killed Edmund
  7101 | D:7      | Reached skill level 5 in Fighting
  7797 | D:7      | Reached skill level 5 in Evocations
  8155 | D:7      | Found a snail-covered altar of Cheibriados.
  8155 | D:7      | Found Cheibriados's Comfort Zone.
  8245 | D:7      | Reached XP level 9. HP: 78/82 MP: 13/13
  8477 | D:7      | Reached skill level 5 in Stealth
  9349 | D:7      | Upgraded the game from 0.27-a0-1500-g450c7e4133 to
                  | 0.27-a0-1502-g47ed6a6988
  9357 | D:8      | Noticed Joseph
 10238 | D:8      | Noticed Prince Ribbit
 10256 | D:8      | Killed Prince Ribbit
 10334 | D:7      | Bought the +10 Black Knight's barding {ponderous, rPois
                  | rN+} for 697 gold pieces
 10334 | D:7      | Found the +10 Black Knight's barding {ponderous, rPois rN+}
 10799 | D:8      | Killed Joseph
 10882 | D:8      | Noticed Psyche
 10899 | D:8      | Killed Psyche
 10900 | D:8      | Reached XP level 10. HP: 81/94 MP: 2/14
 11025 | D:8      | Learned a level 4 spell: Olgreb's Toxic Radiance
 11448 | D:9      | Noticed Erolcha
 11546 | D:9      | Found a staircase to the Lair.
 11555 | D:9      | Found Vagoec's Jewellery Shoppe.
 12252 | D:9      | Found a staircase to the Orcish Mines.
 13348 | D:10     | Entered Level 10 of the Dungeon
 13484 | D:10     | Noticed a six-headed hydra
 13556 | Lair:1   | Entered Level 1 of the Lair of Beasts
 13796 | Lair:1   | Noticed an oklob plant
 13796 | Lair:1   | Noticed an oklob plant
 13911 | Lair:1   | Noticed a torpor snail
 13912 | Lair:1   | Noticed a black mamba
 13914 | Lair:1   | Killed a torpor snail
 13916 | Lair:1   | Killed a black mamba
 14048 | Lair:1   | Noticed a cane toad
 14068 | Lair:1   | Killed a cane toad
 14069 | Lair:1   | Reached skill level 3 in Axes
 14328 | Lair:1   | Noticed a cane toad
 14341 | Lair:1   | Killed a cane toad
 14342 | Lair:1   | Reached XP level 11. HP: 24/104 MP: 17/17
 14829 | D:7      | Bought the +3 hat of Pondering {ponderous, Will+ MP+10
                  | Int+5} for 419 gold pieces
 14829 | D:7      | Found the +3 hat of Pondering {ponderous, Will+ MP+10
                  | Int+5}
 14950 | D:10     | Noticed a two-headed ogre
 14964 | D:9      | Killed a two-headed ogre
 14965 | D:9      | Reached skill level 10 in Stealth
 14965 | D:9      | Reached skill level 10 in Poison Magic
 15211 | D:10     | Reached skill level 4 in Axes
 15394 | D:10     | Killed a six-headed hydra
 15503 | D:10     | Noticed a deep elf pyromancer
 15503 | D:10     | Noticed an ettin
 15503 | D:10     | Noticed a wolf spider
 15512 | D:10     | Found a stormy altar of Qazlal.
 16085 | D:10     | Killed an ettin
 16086 | D:10     | Reached skill level 5 in Axes
 16121 | D:10     | Killed a wolf spider
 16632 | D:10     | Reached skill level 5 in Spellcasting
 16850 | D:10     | Noticed a two-headed ogre
 16863 | D:10     | Killed a two-headed ogre
 17034 | D:10     | Found a stormy altar of Qazlal.
 17228 | D:10     | Killed a deep elf pyromancer
 17229 | D:10     | Reached skill level 6 in Axes
 17751 | D:11     | Noticed Sonja
 17757 | D:11     | Noticed a two-headed ogre
 17769 | D:11     | Killed a two-headed ogre
 17773 | D:11     | Killed Sonja
 17774 | D:11     | Reached skill level 7 in Axes
 17774 | D:11     | Reached XP level 12. HP: 65/115 MP: 19/19
 18770 | D:11     | Reached skill level 8 in Axes
 18899 | D:11     | Noticed a sun demon
 19228 | D:11     | Reached skill level 10 in Fighting
 19318 | D:11     | Noticed a boulder beetle
 19330 | D:11     | Killed a boulder beetle
 19782 | Lair:1   | Noticed Maggie
 19799 | Lair:1   | Killed Maggie
 19800 | Lair:1   | Reached skill level 9 in Axes
 20211 | Lair:1   | Upgraded the game from 0.27-a0-1502-g47ed6a6988 to
                  | 0.27-a0-1513-g2aaa0cc67b
 20238 | Lair:1   | Reached skill level 10 in Evocations
 20510 | Lair:1   | Noticed Grum
 20521 | Lair:1   | Killed Grum
 20734 | Lair:2   | Noticed a boulder beetle
 20744 | Lair:2   | Killed a boulder beetle
 20903 | Lair:2   | Reached skill level 1 in Shields
 21499 | Lair:2   | Reached skill level 10 in Axes
 21856 | Lair:2   | Gained mutation: You can use your snake-like lower body to
                  | constrict enemies. [Naga growth]
 21856 | Lair:2   | Reached XP level 13. HP: 120/124 MP: 20/20
 22475 | Lair:3   | Found a staircase to the Shoals.
 22584 | Lair:3   | Reached skill level 11 in Axes
 23103 | Lair:3   | Found a shimmering blue altar of Sif Muna.
 24090 | Lair:4   | Reached skill level 12 in Axes
 24321 | Lair:4   | Found a staircase to the Snake Pit.
 25231 | Lair:4   | Reached XP level 14. HP: 129/138 MP: 20/21
 25236 | Lair:4   | Reached skill level 13 in Axes
 25931 | Lair:5   | Got Plog's Reference Book on Dislocated Arcane Weapons
 26281 | Lair:5   | Identified a scroll of acquirement
 26282 | Lair:5   | Acquired 524 gold pieces
 26629 | Lair:6   | Entered Level 6 of the Lair of Beasts
 26795 | Lair:6   | Reached skill level 14 in Axes
 26836 | Lair:6   | Found a frozen archway.
 26847 | IceCv    | Entered an ice cave
 28444 | Lair:6   | Found a viscous altar of Jiyva.
 28444 | Lair:6   | Found a staircase to the Slime Pits.
 28658 | Lair:6   | Reached skill level 15 in Axes
 29522 | Orc:1    | Entered Level 1 of the Orcish Mines
 29931 | Orc:2    | Entered Level 2 of the Orcish Mines
 29938 | Orc:2    | Reached XP level 15. HP: 148/148 MP: 22/22
 30004 | Orc:1    | Found Emmur's Distillery.
 30386 | Orc:1    | Bought a potion of heal wounds for 60 gold pieces
 30386 | Orc:1    | Bought a potion of heal wounds for 60 gold pieces
 30386 | Orc:1    | Bought a potion of ambrosia for 96 gold pieces
 30699 | Orc:2    | Reached skill level 16 in Axes
 30910 | Orc:2    | Found Yjisefer's Armour Shop.
 30916 | Orc:2    | Found Yscheojof's Jewellery Shoppe.
 30918 | Orc:2    | Found Ihov's Distillery.
 30945 | Orc:2    | Found Daizuvutt's Jewellery Emporium.
 30948 | Orc:2    | Bought the +0 kite shield "Vagown" {Will+} for 205 gold
                  | pieces
 31002 | Orc:2    | Found a staircase to the Elven Halls.
 31011 | Orc:2    | Bought a potion of invisibility for 112 gold pieces
 31011 | Orc:2    | Bought a potion of heal wounds for 70 gold pieces
 31011 | Orc:2    | Bought a potion of berserk rage for 70 gold pieces
 31011 | Orc:2    | Bought a potion of might for 56 gold pieces
 31011 | Orc:2    | Bought a potion of mutation for 112 gold pieces
 31022 | Orc:2    | Bought a +4 ring of slaying for 858 gold pieces
 31124 | Orc:2    | Bought the ring "Tosau" {rF+ rC+ Str+3} for 498 gold pieces
 31434 | Orc:2    | Found Oppokla's Assorted Antiques.
 31466 | Orc:2    | Bought a glowing hunting sling for 94 gold pieces
 32282 | D:12     | Noticed Rupert
 32291 | D:12     | Killed Rupert
 32439 | D:12     | Noticed Nergalle
 32447 | D:12     | Killed Nergalle
 32837 | D:12     | Found Goaj's Jewellery Boutique.
 33208 | D:13     | Found a runed translucent gate.
 33208 | D:13     | Found a runed translucent gate.
 33226 | D:13     | Noticed robertstho's ghost (journeyman DjFE)
 33227 | D:13     | Noticed Azrael
 33230 | D:13     | Noticed a tengu reaver
 33237 | D:13     | Killed Azrael
 33238 | D:13     | Reached skill level 5 in Armour
 33313 | D:13     | Found a runed translucent gate.
 33340 | D:13     | Noticed Nessos
 33349 | D:13     | Killed Nessos
 33409 | D:13     | Reached skill level 5 in Shields
 34247 | D:14     | Reached XP level 16. HP: 158/158 MP: 23/23
 34358 | D:14     | Found Cahen's Island Escapes.
 34754 | D:14     | Found a gate to the Vaults.
 35815 | Snake:1  | Entered Level 1 of the Snake Pit
 38116 | Snake:1  | Got the Compendium of the Oath
 38850 | Snake:2  | Noticed Vashnia
 39178 | Snake:2  | Noticed a nagaraja
 39191 | Snake:2  | Killed a nagaraja
 39589 | Snake:2  | Noticed Aizul
 39605 | Snake:2  | Killed Aizul
 40516 | Snake:2  | Killed Vashnia
 40517 | Snake:2  | Reached XP level 17. HP: 92/165 MP: 24/24
 43119 | D:9      | Bought the ring "Lifulaq" {Fly rC+ Int+2} for 459 gold
                  | pieces
 43406 | Snake:3  | Identified the ring "Zeumao" {rF+ rN+ Int-4 Dex+2}
 44950 | Snake:4  | Entered Level 4 of the Snake Pit
 45193 | Shoals:1 | Entered Level 1 of the Shoals
 46924 | Shoals:2 | Noticed Donald
 46952 | Shoals:2 | Killed Donald
 47945 | Shoals:3 | Found a flickering gateway to a bazaar.
 48034 | Bazaar   | Entered a bazaar
 48038 | Bazaar   | Found Nytyfom's Weapon Emporium.
 48046 | Bazaar   | Found Fopteum's Book Shop.
 48087 | Bazaar   | Found Loomiabuje's Jewellery Shoppe.
 48095 | Bazaar   | Found Jouch's Distillery.
 48103 | Bazaar   | Bought a potion of cancellation for 128 gold pieces
 48103 | Bazaar   | Bought a potion of invisibility for 128 gold pieces
 48103 | Bazaar   | Bought a potion of invisibility for 128 gold pieces
 48103 | Bazaar   | Bought 2 potions of might for 128 gold pieces
 48103 | Bazaar   | Bought a potion of heal wounds for 80 gold pieces
 48380 | Shoals:3 | Reached skill level 17 in Axes
 49142 | D:15     | Entered Level 15 of the Dungeon
 49148 | D:15     | Found the +3 salamander hide armour {Flames rF++ rC--}
 49417 | Orc:2    | Bought the amulet "Ijoban" {Spirit rPois Will+} for 655
                  | gold pieces
 49622 | D:15     | Found a shadowy altar of Dithmenos.
 50327 | D:15     | Found a staircase to the Depths.
 50346 | D:15     | Reached XP level 18. HP: 152/176 MP: 27/27
 51241 | Snake:4  | Reached skill level 10 in Armour
 52458 | Snake:4  | Reached skill level 10 in Shields
 54235 | Snake:4  | Reached skill level 15 in Fighting
 54851 | Snake:4  | Got a serpentine rune of Zot
 55127 | Shoals:4 | Entered Level 4 of the Shoals
 55410 | Shoals:3 | Reached skill level 18 in Axes
 55792 | Shoals:4 | Reached XP level 19. HP: 175/186 MP: 29/29
 55939 | Shoals:4 | Identified the +5 scimitar of Stickiness {flame, *Slow
                  | rF+++ MP-9 Str+5}
 57072 | Shoals:4 | Identified the +1 great sword "Qinoumu" {holy, +Rage rElec}
 58073 | Shoals:4 | HP: 7/186 [merfolk javelineer/silver javelin (4)]
 58449 | Shoals:4 | Got a barnacled rune of Zot
 58775 | Shoals:4 | Got Tigroip's Reference Book on Transformation and
                  | Envenoming
 59141 | Elf:1    | Entered Level 1 of the Elven Halls
 60933 | Elf:2    | Paralysed by an air elemental for 1 turns
 60935 | Elf:2    | Paralysed by an air elemental for 1 turns
 60939 | Elf:2    | Paralysed by an air elemental for 1 turns
 61176 | Elf:2    | Reached skill level 19 in Axes
 61204 | Elf:2    | Found a runed translucent gate.
 61204 | Elf:2    | Found a runed translucent gate.
 61205 | Elf:2    | Found a runed translucent gate.
 61535 | Elf:2    | Reached XP level 20. HP: 183/196 MP: 30/30
 61618 | Elf:2    | Learned a level 1 spell: Apportation
 61626 | Elf:2    | Found Wugebbes's Distillery.
 61634 | Elf:2    | Bought a potion of heal wounds for 90 gold pieces
 61634 | Elf:2    | Bought a potion of invisibility for 144 gold pieces
 61634 | Elf:2    | Bought a potion of haste for 180 gold pieces
 61634 | Elf:2    | Bought a potion of might for 72 gold pieces
 61770 | Elf:3    | Entered Level 3 of the Elven Halls
 61994 | Elf:3    | Bought a dazzling ring mail for 342 gold pieces
 61994 | Elf:3    | Identified the +1 ring mail "Bajarch" {Str+4} (You bought
                  | it in a shop on level 3 of the Elven Halls)
 61997 | Elf:3    | Bought glowing gold dragon scales for 2407 gold pieces
 62090 | Elf:3    | Bought a smoking war axe for 263 gold pieces
 62090 | Elf:3    | Identified the +7 war axe of Calamity {antimagic, rF+} (You
                  | bought it in a shop on level 3 of the Elven Halls)
 62848 | Elf:3    | Identified the ring "Depumenar" {rElec rF+ Will++ MP-9}
 63701 | Elf:3    | Noticed a Brimstone Fiend
 63822 | Elf:3    | Identified the +1 leather armour of Oneenuh {Int+2 Dex+3}
 63903 | Elf:3    | Identified the +8 lajatang "Zacasum" {distort, rF+ rN++}
 64309 | Elf:3    | Identified the +6 long sword "Cifit" {freeze, *Corrode
                  | Str+5 Dex+3}
 64652 | Elf:3    | Found the +8 longbow "Zephyr" {speed, Dex+3 SInv}
 64748 | Elf:3    | Upgraded the game from 0.27-a0-1513-g2aaa0cc67b to
                  | 0.27-a0-1529-g1e82c303ef
 65083 | Depths:1 | Entered Level 1 of the Depths
 65374 | Depths:1 | Identified the +6 shortbow of Fewi {flame, rPois Str+3}
 66180 | Depths:1 | Found a gateway to Hell.
 66209 | Depths:1 | Reached XP level 21. HP: 91/206 MP: 2/31
 66705 | Depths:1 | Found Emaesaab's Armour Boutique.
 67135 | Depths:1 | Found a one-way gate leading to the halls of Pandemonium.
 67207 | Depths:1 | Found a shimmering altar of Xom.
 67512 | Depths:2 | Noticed Nikola
 68014 | Depths:1 | Killed Nikola
 68129 | Depths:2 | Noticed a bone dragon
 68166 | Depths:1 | Killed a bone dragon
 68762 | Depths:2 | Identified the +5 battleaxe "Wegez" {speed, Int+2}
 69075 | Depths:2 | Paralysed by a floating eye for 4 turns
 69899 | Depths:2 | Reached skill level 20 in Axes
 69926 | Depths:2 | Upgraded the game from 0.27-a0-1529-g1e82c303ef to
                  | 0.27-a0-1548-gf8a67e7463
 69930 | Depths:2 | Upgraded the game from 0.27-a0-1548-gf8a67e7463 to
                  | 0.27-a0-1555-g0e7b3fb1d2
 70378 | Depths:3 | Found an ancient bone altar of Kikubaaqudgha.
 70388 | Depths:3 | Noticed Mennas
 70402 | Depths:3 | Killed Mennas
 70584 | Depths:3 | Noticed Frederick
 70597 | Depths:3 | Killed Frederick
 72999 | Depths:4 | Found a gateway to a ziggurat.
 73022 | Depths:4 | Reached XP level 22. HP: 193/218 MP: 8/32
 74732 | Depths:4 | Found a one-way gate to the infinite horrors of the Abyss.
 75394 | Depths:4 | Noticed a juggernaut
 75409 | Depths:4 | Killed a juggernaut
 75575 | Depths:4 | Found the +10 dark maul {vorpal}
 75915 | Depths:4 | Reached skill level 21 in Axes
 76132 | Depths:5 | Entered Level 5 of the Depths
 76361 | Depths:5 | Noticed Boris
 76591 | Depths:5 | Killed Boris
 77452 | Depths:5 | Noticed a golden dragon
 77471 | Depths:5 | Killed a golden dragon
 78149 | Depths:5 | Found a gate to the Realm of Zot.
 78149 | Depths:5 | Noticed a golden dragon
 78170 | Depths:5 | Killed a golden dragon
 78180 | Depths:5 | Reached XP level 23. HP: 68/228 MP: 5/33
 78690 | Depths:5 | Found a stormy altar of Qazlal.
 79230 | Depths:5 | Found Coeteg's Assorted Antiques.
 79252 | Depths:5 | Bought a wand of iceblast (10) for 140 gold pieces
 79252 | Depths:5 | Bought a scroll of teleportation for 105 gold pieces
 79252 | Depths:5 | Bought a potion of might for 140 gold pieces
 79272 | Depths:5 | Found Rihiac's Armour Shop.
 79276 | Depths:5 | Noticed a royal mummy
 79280 | Depths:5 | Found Anubimm's Book Emporium.
 79280 | Depths:5 | Found Joplorau's Jewellery Shop.
 79280 | Depths:5 | Found Sidwuewe's Book Emporium.
 79284 | Depths:5 | Bought the ring of Midsummer {rElec rCorr Int+2} for 840
                  | gold pieces
 79941 | Depths:5 | Killed a royal mummy
 79952 | Depths:5 | Found a gate to the Realm of Zot.
 80010 | Depths:5 | Found a stormy altar of Qazlal.
 80131 | Depths:5 | Found Coeteg's Assorted Antiques.
 80241 | Depths:5 | Found Rihiac's Armour Shop.
 80330 | Depths:5 | Found Joplorau's Jewellery Shop.
 80330 | Depths:5 | Found Anubimm's Book Emporium.
 80331 | Depths:5 | Found Sidwuewe's Book Emporium.
 80786 | Vaults:1 | Entered Level 1 of the Vaults
 81218 | Vaults:1 | Found Susirege's Book Emporium.
 81837 | Vaults:1 | Reached skill level 22 in Axes
 82023 | Vaults:1 | Noticed Jiaf's ghost (veteran HOFi)
 82028 | Vaults:1 | Found a runed translucent gate.
 82028 | Vaults:1 | Found a runed translucent gate.
 82028 | Vaults:1 | Found a runed translucent gate.
 82138 | Vaults:1 | Identified the +0 robe "Xujut" {Str+5}
 83686 | Vaults:2 | Noticed Mara
 83700 | Vaults:2 | Noticed finalsalamander's illusion
 84188 | Vaults:2 | Reached XP level 24. HP: 158/238 MP: 3/33
 84898 | Vaults:2 | Noticed finalsalamander's illusion
 84904 | Vaults:2 | Killed Mara
 85147 | Vaults:2 | Found a portal to a secret trove of treasure.
 85219 | Vaults:2 | Found a staircase to the Crypt.
 85219 | Vaults:2 | Found an ancient bone altar of Kikubaaqudgha.
 85219 | Vaults:2 | Found a basalt altar of Yredelemnul.
 85269 | Vaults:2 | Upgraded the game from 0.27-a0-1555-g0e7b3fb1d2 to
                  | 0.27-a0-1612-gde56a17b89
 87816 | Vaults:4 | Reached skill level 23 in Axes
 88064 | Vaults:4 | Reached skill level 15 in Armour
 88732 | Vaults:4 | Found a runed translucent gate.
 88732 | Vaults:4 | Found a runed translucent gate.
 88732 | Vaults:4 | Found a runed translucent gate.
 88733 | Vaults:4 | Noticed Angmar's ghost (veteran DrAE)
 88938 | Vaults:4 | Found an iron altar of Okawaru.
 88953 | Vaults:5 | Entered Level 5 of the Vaults
 88960 | Vaults:5 | Reached skill level 15 in Shields
 88963 | Vaults:5 | Reached XP level 25. HP: 212/249 MP: 12/33
 89328 | Vaults:5 | Noticed an ancient lich
 90117 | Vaults:5 | Killed an ancient lich
 92109 | Vaults:5 | Reached skill level 24 in Axes
 92338 | Vaults:5 | Got a silver rune of Zot
 93364 | Vaults:5 | Found the -2 hat of the Alchemist {rElec rPois rF+ rC+ rN+
                  | Will+ rMut rCorr}
 93631 | Vaults:5 | Found the +3 sling "Punk" {acid, rCorr}
 93763 | Vaults:5 | Upgraded the game from 0.27-a0-1612-gde56a17b89 to
                  | 0.28-a0-8-g6e044cfa68
 94067 | D:9      | Bought the amulet "Anuj" {Reflect rN+ Int+2 SH+5} for 544
                  | gold pieces
 94768 | Zot:1    | Entered Level 1 of the Realm of Zot
 95168 | Zot:1    | Reached XP level 26. HP: 27/261 MP: 11/33
 95171 | Zot:1    | HP: 6/261 [death cob (13)]
 95182 | Zot:1    | HP: 7/391 [quicksilver dragon/bolt of dispelling energy
                  | (17)]
 95184 | Zot:1    | HP: 2/391 [golden dragon/bolt of fire (4)]
 95202 | Zot:1    | HP: 1/261 [acid (4)]
 98999 | Zot:2    | Identified the +1 chain mail "Umuxoykagh" {Str+4}
 99802 | Zot:3    | You fall into a shaft and drop 1 floor!
100134 | Zot:3    | Reached skill level 25 in Axes
100873 | Zot:3    | Reached XP level 27. HP: 152/271 MP: 11/33
102578 | Zot:4    | Paralysed by a Zot trap for 4 turns
104126 | Zot:5    | Entered Level 5 of the Realm of Zot
105324 | Zot:5    | Noticed an orb of fire
105324 | Zot:5    | Noticed an ancient lich
105356 | Zot:5    | Noticed an orb of fire
105530 | Zot:5    | Killed an orb of fire
105675 | Zot:5    | Noticed an ancient lich
105677 | Zot:5    | Noticed an orb of fire
105694 | Zot:5    | Killed an orb of fire
105697 | Zot:5    | Noticed an orb of fire
105707 | Zot:5    | Reached skill level 26 in Axes
105732 | Zot:5    | Noticed an orb of fire
105850 | Zot:5    | Noticed an ancient lich
105938 | Zot:5    | Noticed an orb of fire
106121 | Zot:5    | Got the Orb of Zot
106388 | D:15     | Noticed Suggues the pandemonium lord
106530 | D:11     | Noticed Wuguf the pandemonium lord
106912 | D:$      | Escaped with the Orb!

Illustrated notes

Levels and vault maps discovered:
D:1:      onia_arrival_mini_spirals, layout_basic
D:2:      layout_basic, shapermc_ecumenical_altar_notcrosses,
          kennysheep_decorative_pillar, chequers_garden,
          amcnicky_mini_pool_small, minmay_indecisive_spiral
D:3:      layout_loops_ring, minmay_fractal_squares_diagonal_5
D:4:      layout_rooms, minmay_temple_entry_hall
D:5:      kennysheep_big_flooded_room, layout_cave_pools,
          minmay_misc_feat_plants, solitary_fountain, roderic_roman_lattice
D:6:      layout_loops_ring, uniq_edmund
D:7:      layout_basic, minmay_shop_chei, centaur_isle
D:8:      layout_loops_ring, hangedman_abyss_or_decor_clamps, minivault_26,
          uniq_psyche, uniq_prince_ribbit1, uniq_joseph
D:9:      layout_layer_cave, lair_entry_dummy, david_orc_5, serial_shops,
          shop_fountains, uniq_erolcha
D:10:     layout_irregular_city, mainiacjoe_overflow_six_doors_small,
          minivault_25_ag
D:11:     minmay_inside_and_out, layout_irregular_city, serial_shops, shop,
          uniq_sonja
D:12:     layout_roguey [special_room_orc], serial_shops, shop, uniq_nergalle,
          uniq_rupert
D:13:     layout_loops_corners, gammafunk_ghost_split, uniq_nessos, uniq_azrael
D:14:     layout_long_grid, david_vaults_2, nicolae_island_escapes
D:15:     grunt_enter_depths_snipers, layout_irregular_city,
          grunt_dithmenos_smoke_and_mirrors
Temple:   nicolae_temple_the_god_donut
Lair:1:   layout_cave_pods, st_stairs_3, fungi_pond_lemuel,
          grunt_forest_large_clearing_hut, lemuel_fruit_tree,
          minmay_lair_oklob_chamber, infiniplex_staircase_pool,
          lemuel_fruit_fields, uniq_grum, uniq_maggie
Lair:2:   layout_cellular_growth
Lair:3:   layout_roguey, elwin_shoals_entry_rocks, gauntlet_entry_generic,
          minivault_19, serial_bayou_pond_d, lemuel_centaur_altar
Lair:4:   layout_regular_city, minmay_snake_entry_six_corridors,
          beast_lair_carwin_11, serial_bayou_shore_a
Lair:5:   layout_regular_city, chequers_serial_rivers_room_a,
          chequers_serial_rivers_room_a, serial_bayou_shore_b,
          grunt_megastairs_3
Lair:6:   gammafunk_lair_ancient_temple, layout_regular_city,
          dpeg_slime_entry_enclosed_altar, portal_ice_cave_rime
Shoals:1: layout_shoals
Shoals:2: layout_shoals, uniq_donald
Shoals:3: layout_shoals, serial_shops, bzr_entry_customers
Shoals:4: shoals_end_simple, layout_shoals
Snake:1:  layout_gridlike, nicolae_snake_slithery_hallway, grunt_megastairs_4
Snake:2:  layout_misc_corridors, uniq_aizul, uniq_vashnia
Snake:3:  minmay_snake_river, layout_misc_corridors
Snake:4:  snake_pit_salamanders_mu, layout_onion, nicolae_large_snake_swirl
Orc:1:    layout_caves, serial_shops, nicolae_shop_behind_doors
Orc:2:    st_orc_open, layout_caves, serial_shops, shop, kennysheep_orc_chapel
Elf:1:    eino_elf_arrival_sip, layout_rooms, minivault_28, drop_trap
Elf:2:    layout_geoelf_grid, serial_shops, shop
Elf:3:    minmay_elf_hall_spiked, layout_geoelf_octagon, minivault_16
Vaults:1: gammafunk_vaults_ghost_split, nicolae_vaults_little_squares_1,
          vaults_room_fours, nicolae_vaults_asterisk, v_alt_pattern_1,
          v_misc_14, hangedman_vaults_corner, vaults_room_door_hall, v_misc_2,
          vaults_dpeg_ring, nicolae_vaults_mini_display_case,
          layout_vaults_quadrants, serial_shops, nicolae_shop_statue_plus
Vaults:2: v_misc_30, minmay_crypt_entry_necro_gods, nicolae_vaults_theta,
          nicolae_vaults_arrows, v_pattern_5, nicolae_vaults_triangles,
          nicolae_vaults_little_squares_4, vaults_room_fancy_cross, v_misc_27,
          vaults_room_corners, v_misc_22, grunt_vaults_hallway_long,
          layout_vaults_big_cross, enter_trove_5, uniq_mara
Vaults:3: ontoclasm_vaults_claustrophobia, nicolae_vaults_three_branches,
          nicolae_vaults_little_ls, nicolae_vaults_circle_grid_a,
          ontoclasm_vaults_spin, vaults_room_octagon, v_misc_11, v_misc_17,
          nicolae_vaults_network_square, nicolae_vaults_twisting_passages,
          layout_vaults_omnibox
Vaults:4: gammafunk_vaults_ghost_fury_of_okawaru, v_misc_8,
          hangedman_vaults_slice, v_misc_10, v_alt_pattern_3,
          ontoclasm_vaults_fault, v_rooms_4, hangedman_vaults_maws,
          layout_vaults_big_room
Vaults:5
Depths:1: layout_basic, minmay_tree_intersection, pf_coc_iceberg, serial_shops,
          nicolae_shop_statue_plus, grunt_pan_entry_zigzag, drop_trap,
          led_xom_imps
Depths:2: cross_vault, layout_cave_pools, grunt_mini_vestibule,
          kennysheep_generic_room_10, infiniplex_staircase_pillars_3a,
          uniq_nikola
Depths:3: evilmike_horseshoe, layout_honeycomb, pf_vacation_house_of_asmodeus,
          grunt_pan_entry_spiral, kiku_gazebo_garden_becter, uniq_frederick,
          uniq_mennas
Depths:4: giant_chief_lemuel, layout_honeycomb, ziggurat_fallback,
          grunt_hell_entry_dis_mu, serial_sigils, serial_sigils_hangedman_snap,
          serial_sigils_hangedman_quiver, serial_sigils_hangedman_gnaw,
          serial_sigils_hangedman_scratch, serial_sigils_hangedman_quiver,
          minmay_room_of_horrors
Depths:5: grunt_twist_and_shout, layout_gridlike, serial_shops, shop,
          shop_fountains, hell_entry, nicolae_qazlal_style_of_elements,
          minmay_librarian, minmay_shop_grove, uniq_boris
Zot:1:    layout_onion_interference, grunt_ministairs_9,
          hangedman_snake_sidewinding
Zot:2:    lemuel_draconian_sentries_small, layout_onion, hangedman_hellfire_club
Zot:3:    layout_gridlike, grunt_megastairs_1
Zot:4:    layout_twisted_circle, grunt_ministairs_1
Zot:5:    layout_onion

Skill      XL: |  1  2  3  4  5  6  7  8  9 10 11 12 13 14 15 16 17 18 19 20 21 22 23 24 25 26 27 |
---------------+----------------------------------------------------------------------------------+-----
Spellcasting   | 1 2 3 4 5 6 7 |  7.0
Poison Magic   | 1 2 3 4 5 6 7 9 11 13 | 13.0
Armour         | 1 2 3 5 9 10 11 12 13 14 15 16 17 | 17.1
Evocations     | 2 3 5 7 8 9 10 11 | 11.0
Fighting       | 4 5 7 8 9 10 12 13 14 15 16 17 18 19 20 21 | 21.2
Stealth        | 4 8 9 10 | 10.0
Axes           | 3 7 10 12 15 16 17 18 19 20 21 22 23 24 25 26 | 26.1
Shields        | 1 2 5 8 9 10 11 12 13 14 15 16 17 | 17.0
Staves         | |  2.0

Action                   |  1- 3 |  4- 6 |  7- 9 | 10-12 | 13-15 | 16-18 | 19-21 | 22-24 | 25-27 || total
-------------------------+-------+-------+-------+-------+-------+-------+-------+-------+-------++-------
Melee: Quarterstaff      |    14 |    51 |   132 |    72 |       |       |       |       |       ||   269
       War axe           |       |       |       |   283 |   743 |  1136 |  1251 |  1359 |  1489 ||  6261
       Dagger            |       |       |       |     2 |     1 |       |       |       |       ||     3
       Flail             |       |       |       |       |    87 |       |       |       |       ||    87
       Constrict         |       |       |       |       |   148 |   232 |   192 |   193 |   167 ||   932
 Fire: Hunting sling     |       |       |       |    67 |   157 |   122 |       |       |       ||   346
       Hand crossbow     |       |       |       |       |       |    87 |    60 |       |    19 ||   166
Throw: Stone             |     8 |     1 |    19 |    13 |       |       |       |       |       ||    41
 Cast: Poisonous Vapours |    11 |    53 |    96 |   120 |    81 |    66 |    43 |    12 |    12 ||   494
       Olgreb's Toxic Ra |       |       |       |    19 |    45 |    27 |    45 |    49 |     2 ||   187
       Sting             |       |       |       |       |       |       |       |       |     1 ||     1
Invok: Call Merchant     |       |       |       |       |       |       |     3 |       |       ||     3
       Bribe Branch      |       |       |       |       |       |       |       |       |     3 ||     3
 Abil: Spit Poison       |    32 |    50 |    46 |    84 |    53 |    40 |    18 |     8 |     6 ||   337
Evoke: Wand              |       |       |     3 |    25 |    14 |    26 |    32 |     8 |    14 ||   122
       Phial of floods   |       |       |       |       |     3 |     1 |       |       |     1 ||     5
       Box of beasts     |       |       |       |       |     1 |     2 |     2 |     3 |     2 ||    10
       Phantom mirror    |       |       |       |       |       |       |     2 |     5 |     1 ||     8
       Lightning rod     |       |       |       |       |       |       |     1 |       |     4 ||     5
       Condenser vane    |       |       |       |       |       |       |       |       |     3 ||     3
       Tin of tremorston |       |       |       |       |       |       |       |       |     1 ||     1
  Use: Scroll            |       |    10 |     9 |     7 |     4 |     8 |     9 |     7 |    22 ||    76
       Potion            |       |       |     6 |     2 |     2 |     3 |    12 |     3 |    22 ||    50
 Stab: Paralysed         |       |       |     7 |     4 |       |       |       |       |       ||    11
       Sleeping          |       |       |       |     1 |     3 |       |       |       |       ||     4
       Distracted        |       |       |       |     1 |    12 |     5 |     5 |    19 |    12 ||    54
       Fleeing           |       |       |       |       |       |     1 |       |       |       ||     1
Armor: Robe              |     2 |    13 |       |       |       |       |       |       |       ||    15
       Leather armour    |       |     8 |    44 |   346 |   464 |       |       |       |       ||   862
       Skin              |       |       |     1 |       |       |       |       |       |       ||     1
       Chain mail        |       |       |       |       |   117 |   823 |   924 |   677 |       ||  2541
       Gold dragon scale |       |       |       |       |       |       |       |   296 |  1092 ||  1388
Dodge: Dodged            |     5 |    22 |    68 |   158 |   182 |   107 |   122 |   128 |    68 ||   860
Block: Other             |       |     9 |    57 |    97 |       |       |       |       |       ||   163
       Reflection        |       |     1 |    14 |     3 |    18 |   135 |    37 |    48 |    24 ||   280
       Buckler           |       |       |       |    14 |   272 |       |       |       |       ||   286
       Kite shield       |       |       |       |       |   153 |   846 |   598 |   785 |   282 ||  2664
       Tower shield      |       |       |       |       |       |       |       |       |  1101 ||  1101

Table legend: (Time is in decaauts)
 A = Elapsed time spent in this place.
 B = Non-inter-level travel time spent in this place.
 C = Inter-level travel time spent in this place.
 D = Time resting spent in this place.
 E = Time spent auto-exploring this place.
 F = Levels seen in this place.
 G = Mean time per level.
                   A        B        C        D        E       F      G
               +--------+--------+--------+--------+--------+-----+--------+
         Total | 130566 | 116839 |  13727 |  11096 |  88151 |  52 | 2510.9 |
       Dungeon |  34341 |  28211 |   6130 |   1959 |  22019 |  15 | 2289.4 |
        Temple |     19 |     19 |      0 |      0 |      0 |   1 |   19.0 |
          Lair |  15740 |  12595 |   3145 |    137 |  10469 |   6 | 2623.3 |
        Shoals |   8931 |   8556 |    375 |   1073 |   6382 |   4 | 2232.8 |
     Snake Pit |  13766 |  12295 |   1471 |   1055 |   9300 |   4 | 3441.5 |
  Orcish Mines |   2939 |   2450 |    489 |      0 |   1865 |   2 | 1469.5 |
   Elven Halls |   6570 |   6355 |    215 |    271 |   5110 |   3 | 2190.0 |
        Vaults |  15792 |  15019 |    773 |   1909 |  10767 |   5 | 3158.4 |
        Depths |  20127 |  19316 |    811 |   3137 |  14018 |   5 | 4025.4 |
           Zot |  11776 |  11462 |    314 |   1300 |   8035 |   5 | 2355.2 |
        Bazaar |    161 |    161 |      0 |      0 |    129 |   1 |  161.0 |
      Ice Cave |    399 |    399 |      0 |    253 |     53 |   1 |  399.0 |
               +--------+--------+--------+--------+--------+-----+--------+

Top non-repeatable levels by time:
Depths:5: 6178 daAuts
 Snake:4: 4555 daAuts
 Snake:1: 4531 daAuts
Depths:4: 4437 daAuts
    D:10: 4324 daAuts
Depths:1: 4051 daAuts
Vaults:4: 4043 daAuts
     D:9: 4003 daAuts
  Lair:1: 3866 daAuts
   Zot:3: 3608 daAuts
     D:7: 3447 daAuts
Vaults:5: 3290 daAuts
   Elf:3: 3210 daAuts
  Lair:4: 3203 daAuts
Vaults:2: 2967 daAuts
